[ AOE2 MATCH · #505832156 ]
UnrankedByzantines vs Chinese
Player's team · LOSS
Rival team · WIN
[ REPLAY ANALYSIS · EXTRACTED FROM THE RECORDED GAME ]
Feudal
9:16
Castle
25:37
Imperial
38:11
| APM avg | 56.5 |
| APM peak | 90 |
| eAPM avg | 25.0 |
| Villagers / military | 112 / 111 |
Focus
⚔️ 31.5% · 🌾 68.5%
Skirmisher ×54 · Camel Scout ×36 · Spearman ×10 · Monk ×4 · Knight ×4 · Mangonel ×3
Feudal
8:50
Castle
21:51
Imperial
35:37
| APM avg | 77.7 |
| APM peak | 104 |
| eAPM avg | 39.8 |
| Villagers / military | 215 / 96 |
Focus
⚔️ 43.7% · 🌾 56.3%
Archer ×49 · Skirmisher ×25 · Knight ×8 · Monk ×4 · Scout Cavalry ×4 · Trebuchet (Packed) ×4
Match map
Initial resources + every placement click. Lines = walls · curves = elevation contours. ◆ gold · ⬟ stone · ● berries · ✦ relic · ◌ wall gap
Your base· Open — 4t gap
Oni.Lewis's base· Open — unwalled flank
Smoothed initial terrain · ◌ = detected wall gap · hover for details
Inputs per minute
— Thành Cổ Quảng Trị - - Oni.Lewis
Build order — Thành Cổ Quảng Trị
First 150 of 358 actions detected
| 0:01 | Create | Villager (Male) |
| 0:02 | Build | House |
| 0:02 | Build | House |
| 0:10 | Create | Villager (Male) |
| 0:10 | Create | Villager (Male) |
| 0:11 | Create | Villager (Male) |
| 1:25 | Create | Villager (Male) |
| 1:57 | Create | Villager (Male) |
| 1:57 | Create | Villager (Male) |
| 2:13 | Create | Villager (Male) |
| 2:20 | Build | Lumber Camp |
| 2:44 | Create | Villager (Male) |
| 2:44 | Create | Villager (Male) |
| 3:07 | Create | Villager (Male) |
| 3:07 | Create | Villager (Male) |
| 3:07 | Create | Villager (Male) |
| 3:51 | Build | House |
| 3:56 | Create | Villager (Male) |
| 4:26 | Create | Villager (Male) |
| 4:27 | Create | Villager (Male) |
| 4:27 | Create | Villager (Male) |
| 4:30 | Build | Mill |
| 5:09 | Create | Villager (Male) |
| 5:09 | Create | Villager (Male) |
| 5:39 | Create | Villager (Male) |
| 5:39 | Research | Loom |
| 6:58 | Research | Feudal Age |
| 6:58 | Research | Feudal Age |
| 7:37 | Create | Villager (Male) |
| 7:40 | Build | House |
| 8:10 | Build | House |
| 8:37 | Build | Barracks |
| 9:16 | Age | Feudal Age |
| 9:17 | Create | Spearman |
| 9:20 | Research | Double-Bit Axe |
| 9:20 | Research | Double-Bit Axe |
| 9:22 | Create | Villager (Male) |
| 9:51 | Create | Spearman |
| 9:52 | Create | Villager (Male) |
| 10:13 | Create | Villager (Male) |
| 10:23 | Create | Villager (Male) |
| 10:33 | Create | Villager (Male) |
| 10:38 | Build | Farm |
| 10:39 | Build | Farm |
| 10:40 | Build | Farm |
| 10:42 | Build | House |
| 10:44 | Create | Spearman |
| 10:49 | Build | Archery Range |
| 10:55 | Create | Spearman |
| 11:14 | Create | Villager (Male) |
| 11:16 | Build | House |
| 11:18 | Build | House |
| 11:35 | Create | Skirmisher |
| 11:35 | Create | Skirmisher |
| 11:44 | Create | Villager (Male) |
| 11:45 | Build | Farm |
| 11:49 | Build | Palisade Wall |
| 11:53 | Build | House |
| 12:04 | Create | Skirmisher |
| 12:18 | Create | Villager (Male) |
| 12:18 | Create | Villager (Male) |
| 12:19 | Build | Farm |
| 12:42 | Create | Villager (Male) |
| 12:47 | Create | Skirmisher |
| 12:47 | Create | Skirmisher |
| 12:52 | Build | Farm |
| 12:53 | Build | Farm |
| 13:08 | Build | Watch Tower |
| 13:13 | Create | Skirmisher |
| 13:49 | Create | Villager (Male) |
| 13:50 | Create | Skirmisher |
| 13:58 | Build | Watch Tower |
| 14:04 | Create | Skirmisher |
| 14:07 | Create | Villager (Male) |
| 14:07 | Create | Villager (Male) |
| 14:08 | Research | Horse Collar |
| 14:09 | Build | Farm |
| 14:10 | Build | Farm |
| 14:28 | Build | Mining Camp |
| 14:35 | Create | Villager (Male) |
| 14:36 | Build | Farm |
| 14:40 | Build | Farm |
| 14:43 | Build | House |
| 14:44 | Build | House |
| 14:52 | Build | Palisade Wall |
| 14:53 | Build | Palisade Wall |
| 14:53 | Build | Palisade Wall |
| 14:54 | Build | Palisade Wall |
| 14:55 | Create | Skirmisher |
| 15:08 | Create | Villager (Male) |
| 15:23 | Create | Skirmisher |
| 15:27 | Build | Blacksmith |
| 15:47 | Create | Skirmisher |
| 15:56 | Create | Skirmisher |
| 16:06 | Create | Skirmisher |
| 16:08 | Create | Villager (Male) |
| 16:14 | Create | Villager (Male) |
| 16:15 | Research | Fletching |
| 16:16 | Build | House |
| 16:22 | Build | Archery Range |
| 16:28 | Create | Skirmisher |
| 16:29 | Create | Villager (Male) |
| 16:29 | Create | Villager (Male) |
| 16:30 | Create | Villager (Male) |
| 16:31 | Build | Farm |
| 16:40 | Create | Skirmisher |
| 16:41 | Create | Skirmisher |
| 17:14 | Create | Skirmisher |
| 17:17 | Create | Skirmisher |
| 17:28 | Create | Skirmisher |
| 17:30 | Create | Villager (Male) |
| 17:30 | Create | Villager (Male) |
| 17:31 | Build | Farm |
| 17:32 | Build | Farm |
| 17:34 | Build | Farm |
| 17:36 | Build | Farm |
| 17:48 | Create | Skirmisher |
| 18:07 | Build | Mining Camp |
| 18:09 | Build | Farm |
| 18:09 | Create | Skirmisher |
| 18:33 | Build | Watch Tower |
| 18:34 | Create | Skirmisher |
| 18:38 | Create | Villager (Male) |
| 18:40 | Create | Skirmisher |
| 18:41 | Create | Skirmisher |
| 18:41 | Create | Villager (Male) |
| 19:18 | Create | Villager (Male) |
| 19:21 | Create | Skirmisher |
| 19:26 | Create | Skirmisher |
| 19:28 | Create | Villager (Male) |
| 19:31 | Create | Skirmisher |
| 19:37 | Build | Lumber Camp |
| 19:55 | Build | Lumber Camp |
| 19:59 | Create | Skirmisher |
| 20:00 | Research | Wheelbarrow |
| 20:05 | Create | Skirmisher |
| 20:18 | Create | Skirmisher |
| 20:18 | Create | Skirmisher |
| 20:31 | Create | Skirmisher |
| 20:35 | Create | Spearman |
| 20:54 | Create | Villager (Male) |
| 21:01 | Create | Spearman |
| 21:21 | Build | Farm |
| 21:21 | Build | Farm |
| 21:27 | Create | Skirmisher |
| 21:35 | Create | Skirmisher |
| 21:46 | Create | Villager (Male) |
| 21:52 | Create | Skirmisher |
| 22:12 | Create | Villager (Male) |
| 22:14 | Build | Market |
Build order — Oni.Lewis
First 150 of 500 actions detected
| 0:02 | Research | Loom |
| 0:02 | Research | Loom |
| 0:41 | Create | Villager (Male) |
| 0:41 | Create | Villager (Male) |
| 1:07 | Create | Villager (Male) |
| 1:33 | Create | Villager (Male) |
| 1:57 | Create | Villager (Male) |
| 1:57 | Create | Villager (Male) |
| 2:25 | Create | Villager (Male) |
| 2:38 | Build | House |
| 2:44 | Create | Villager (Male) |
| 2:49 | Build | Lumber Camp |
| 2:58 | Create | Villager (Male) |
| 2:58 | Create | Villager (Male) |
| 3:26 | Create | Villager (Male) |
| 3:26 | Create | Villager (Male) |
| 4:01 | Create | Villager (Male) |
| 4:26 | Create | Villager (Male) |
| 4:26 | Create | Villager (Male) |
| 4:37 | Build | Mill |
| 5:07 | Build | House |
| 5:14 | Create | Villager (Male) |
| 5:42 | Create | Villager (Male) |
| 6:07 | Create | Villager (Male) |
| 6:40 | Research | Feudal Age |
| 6:40 | Research | Feudal Age |
| 6:43 | Build | Lumber Camp |
| 7:25 | Create | Villager (Male) |
| 7:33 | Build | Mill |
| 8:00 | Create | Villager (Male) |
| 8:32 | Create | Villager (Male) |
| 8:34 | Build | Barracks |
| 8:39 | Build | House |
| 8:50 | Age | Feudal Age |
| 8:52 | Research | Double-Bit Axe |
| 8:57 | Build | House |
| 8:57 | Build | Palisade Wall |
| 9:01 | Create | Villager (Male) |
| 9:08 | Create | Villager (Male) |
| 9:12 | Build | Farm |
| 9:32 | Create | Villager (Male) |
| 9:35 | Build | House |
| 9:41 | Build | House |
| 9:43 | Build | Palisade Wall |
| 9:45 | Build | Palisade Wall |
| 9:46 | Create | Villager (Male) |
| 9:53 | Create | Villager (Male) |
| 10:23 | Build | Palisade Wall |
| 10:23 | Build | Palisade Wall |
| 10:25 | Create | Villager (Male) |
| 10:31 | Create | Villager (Male) |
| 10:37 | Build | Archery Range |
| 10:38 | Build | Farm |
| 10:39 | Create | Villager (Male) |
| 10:57 | Build | Farm |
| 11:02 | Create | Villager (Male) |
| 11:21 | Create | Skirmisher |
| 11:27 | Create | Villager (Male) |
| 11:28 | Build | Farm |
| 11:29 | Build | Farm |
| 11:32 | Create | Skirmisher |
| 11:37 | Create | Villager (Male) |
| 11:41 | Build | House |
| 11:57 | Build | Farm |
| 12:02 | Create | Villager (Male) |
| 12:08 | Build | Stone Wall |
| 12:13 | Build | Stone Wall |
| 12:16 | Build | Stone Wall |
| 12:17 | Build | Stone Wall |
| 12:19 | Create | Villager (Male) |
| 12:19 | Create | Villager (Male) |
| 12:21 | Build | Stone Wall |
| 12:25 | Create | Skirmisher |
| 12:33 | Build | Mining Camp |
| 12:42 | Create | Villager (Male) |
| 12:47 | Create | Skirmisher |
| 13:01 | Build | Farm |
| 13:05 | Create | Skirmisher |
| 13:09 | Create | Villager (Male) |
| 13:15 | Build | Watch Tower |
| 13:25 | Create | Villager (Male) |
| 13:27 | Create | Villager (Male) |
| 13:29 | Create | Skirmisher |
| 13:34 | Create | Villager (Male) |
| 13:40 | Build | Stone Wall |
| 13:45 | Build | Stone Wall |
| 13:49 | Create | Villager (Male) |
| 13:52 | Create | Skirmisher |
| 13:54 | Create | Villager (Male) |
| 14:16 | Build | Farm |
| 14:17 | Create | Villager (Male) |
| 14:29 | Create | Villager (Male) |
| 14:30 | Create | Skirmisher |
| 14:38 | Build | Farm |
| 14:41 | Build | Farm |
| 14:42 | Build | Farm |
| 14:44 | Create | Skirmisher |
| 14:46 | Create | Villager (Male) |
| 14:50 | Build | House |
| 14:50 | Build | House |
| 15:04 | Create | Villager (Male) |
| 15:05 | Build | House |
| 15:06 | Create | Villager (Male) |
| 15:09 | Create | Villager (Male) |
| 15:15 | Create | Villager (Male) |
| 15:17 | Create | Skirmisher |
| 15:22 | Create | Villager (Male) |
| 15:39 | Create | Skirmisher |
| 15:42 | Create | Villager (Male) |
| 15:43 | Build | Farm |
| 15:45 | Build | Farm |
| 15:57 | Create | Skirmisher |
| 16:01 | Create | Villager (Male) |
| 16:08 | Create | Skirmisher |
| 16:13 | Create | Villager (Male) |
| 16:15 | Build | Blacksmith |
| 16:25 | Create | Skirmisher |
| 16:28 | Create | Villager (Male) |
| 16:30 | Create | Villager (Male) |
| 16:37 | Create | Villager (Male) |
| 16:46 | Build | Mining Camp |
| 16:49 | Create | Skirmisher |
| 17:01 | Create | Villager (Male) |
| 17:04 | Create | Skirmisher |
| 17:05 | Create | Villager (Male) |
| 17:11 | Create | Villager (Male) |
| 17:22 | Create | Villager (Male) |
| 17:24 | Create | Skirmisher |
| 17:30 | Create | Villager (Male) |
| 17:33 | Create | Villager (Male) |
| 17:37 | Build | Farm |
| 17:37 | Build | Farm |
| 17:38 | Build | Farm |
| 17:39 | Build | Farm |
| 17:46 | Create | Villager (Male) |
| 17:51 | Create | Villager (Male) |
| 17:53 | Build | Outpost |
| 17:56 | Research | Town Watch |
| 18:04 | Create | Skirmisher |
| 18:06 | Create | Villager (Male) |
| 18:18 | Create | Skirmisher |
| 18:19 | Create | Villager (Male) |
| 18:28 | Create | Skirmisher |
| 18:29 | Create | Villager (Male) |
| 18:34 | Build | Watch Tower |
| 18:36 | Create | Skirmisher |
| 18:38 | Build | Watch Tower |
| 19:11 | Research | Castle Age |
| 19:38 | Build | Stable |
| 19:39 | Create | Skirmisher |
Match timeline
| 8:34 | Oni.Lewis · first_building Barracks |
| 8:37 | Thành Cổ Quảng Trị · first_building Barracks |
| 8:50 | Oni.Lewis · age_up feudal |
| 8:57 | Oni.Lewis · wall_segment Palisade Wall x1 |
| 9:16 | Thành Cổ Quảng Trị · age_up feudal |
| 9:43 | Oni.Lewis · wall_segment Palisade Wall x1 |
| 9:45 | Oni.Lewis · wall_segment Palisade Wall x1 |
| 10:23 | Oni.Lewis · wall_segment Palisade Wall x1 |
| 10:23 | Oni.Lewis · wall_segment Palisade Wall x1 |
| 10:37 | Oni.Lewis · first_building Archery Range |
| 10:49 | Thành Cổ Quảng Trị · first_building Archery Range |
| 11:49 | Thành Cổ Quảng Trị · wall_segment Palisade Wall x4 |
| 12:08 | Oni.Lewis · wall_segment Stone Wall x2 |
| 12:13 | Oni.Lewis · wall_segment Stone Wall x2 |
| 12:16 | Oni.Lewis · wall_segment Stone Wall x1 |
| 12:17 | Oni.Lewis · wall_segment Stone Wall x1 |
| 12:21 | Oni.Lewis · wall_segment Stone Wall x1 |
| 13:40 | Oni.Lewis · wall_segment Stone Wall x1 |
| 13:45 | Oni.Lewis · wall_segment Stone Wall x1 |
| 14:52 | Thành Cổ Quảng Trị · wall_segment Palisade Wall x1 |
| 14:53 | Thành Cổ Quảng Trị · wall_segment Palisade Wall x1 |
| 14:53 | Thành Cổ Quảng Trị · wall_segment Palisade Wall x1 |
| 14:54 | Thành Cổ Quảng Trị · wall_segment Palisade Wall x1 |
| 19:38 | Oni.Lewis · first_building Stable |
| 21:51 | Oni.Lewis · age_up castle |
| 23:05 | Oni.Lewis · first_building Monastery |
| 23:58 | Thành Cổ Quảng Trị · first_building Stable |
| 24:34 | Thành Cổ Quảng Trị · first_market_buy 100 stone |
| 25:37 | Thành Cổ Quảng Trị · age_up castle |
| 25:55 | Oni.Lewis · first_building Siege Workshop |
| 26:03 | Thành Cổ Quảng Trị · first_building Monastery |
| 27:25 | Thành Cổ Quảng Trị · first_market_sell 100 wood |
| 28:32 | Oni.Lewis · wall_segment Stone Wall x1 |
| 31:32 | Thành Cổ Quảng Trị · first_building Siege Workshop |
| 32:23 | Oni.Lewis · wall_segment Stone Wall x1 |
| 32:24 | Oni.Lewis · wall_segment Stone Wall x1 |
| 33:12 | Oni.Lewis · wall_segment Stone Wall x1 |
| 33:13 | Oni.Lewis · wall_segment Stone Wall x1 |
| 33:13 | Oni.Lewis · wall_segment Stone Wall x1 |
| 33:53 | Oni.Lewis · wall_segment Stone Wall x1 |
| 35:37 | Oni.Lewis · age_up imperial |
| 36:36 | Oni.Lewis · first_market_sell 500 wood |
| 37:03 | Oni.Lewis · first_building Castle |
| 38:11 | Thành Cổ Quảng Trị · age_up imperial |
| 39:11 | Thành Cổ Quảng Trị · resign |
[ AI ANALYSIS · 1 CREDIT ]
What really happened in this match?
Wolo.gg analyzes every decision: build order, eco, micro, common mistakes by bracket. Personalized analysis on WhatsApp or Discord in 30 seconds.
Civ guide
Byzantines
Perfil
Jugador #2660491